 Dungeon Crawl Stone Soup version 0.14-a0-1969-g2c76abe (webtiles) character file.

2014 Kae the Martial Artist (level 8, -2/59 HPs)
             Began as a Green Draconian Transmuter on Jan 16, 2014.
             Was an Initiate of Sif Muna.
             Slain by a killer bee (4 damage)
             ... on Level 7 of the Dungeon.
             The game lasted 00:10:09 (8453 turns).

Kae the Martial Artist (Green Draconian Transmuter) Turns: 8453, Time: 00:10:10

HP  -2/59        AC  2     Str 13      XL: 8   Next: 81%
MP  11/13        EV 19     Int 13      God: Sif Muna [......]
Gold 234         SH  0     Dex 19      Spells:  3 memorised,  5 levels left

rFire  + . .     SeeInvis .       - Unarmed
rCold  . . .     Clarity  .     (armour unavailable)
rNeg   . . .     Conserve +     (shield currently unavailable)
rPois  x         rCorr    .     (helmet currently unavailable)
rElec  .         rRot     .     (cloak currently unavailable)
SustAb . .       Spirit   .     (gloves currently unavailable)
rMut   .         Warding  .     w - melded +0 pair of boots
Saprov . . .     Stasis   .     v - amulet of conservation
MR     .....                    (no ring)
                                h - ring of protection from fire

@: spider-form (expiring), about to teleport, very poisoned, quick, not
resistant to hostile enchantments, unstealthy
A: (breathe noxious fumes), unfitting armour, (poison resistance), AC +6
a: End Transformation, Renounce Religion


You were on level 7 of the Dungeon.
You worshipped Sif Muna.
Sif Muna was noncommittal.
You were hungry.
You were in spider-form.
You visited 1 branch of the dungeon, and saw 7 of its levels.

You collected 234 gold pieces.

Inventory:

Missiles
 b - 100 arrows
 c - 9 arrows of dispersal
 l - 32 arrows of flame
 s - 5 tomahawks (quivered)
Armour
 w - a +0 pair of boots (melded)
Magical devices
 x - a wand of digging (18) {unknown}
Comestibles
 o - 3 bread rations
 t - 5 meat rations
 u - a beef jerky
 z - an apple
Scrolls
 e - 2 scrolls of fear {unknown}
 f - a scroll of teleportation
 g - 2 scrolls of remove curse
 k - 6 scrolls of identify
 n - a scroll of curse armour
 y - a scroll of curse jewellery {unknown}
 B - a scroll of fog {unknown}
 D - a scroll of recharging {unknown}
 F - a scroll of enchant weapon II {unknown}
Jewellery
 h - a ring of protection from fire (left front leg)
 m - an uncursed amulet of conservation
 v - an amulet of conservation (around neck)
Potions
 i - a potion of mutation
 p - a potion of resistance {unknown}
 q - 3 potions of curing {unknown}
 r - 2 potions of poison {unknown}
 A - a potion of paralysis {unknown}
 C - a potion of flight {unknown}
 E - a potion of speed {unknown}
Books
 d - a book of Changes

   Spells                             Type                      Level
   *Beastly Appendage                 Transmutation                1
   *Sticks to Snakes                  Transmutation                2
   *Spider Form                       Transmutation/Poison         3
   Ice Form                           Ice/Transmutation            4
   Blade Hands                        Transmutation                5
 G - a book of Envenomations

   Spells                             Type                      Level
   *Spider Form                       Transmutation/Poison         3
   Poison Weapon                      Charms/Poison                3
   Summon Scorpions                   Summoning/Poison             4
   Olgreb's Toxic Radiance            Poison                       4
   Poisonous Cloud                    Conjuration/Poison/Air       6


   Skills:
 - Level 1.1 Fighting
 - Level 1.7 Dodging
 * Level 9.9 Unarmed Combat
 - Level 2.0 Spellcasting
 + Level 6.6 Transmutations


You had 5 spell levels left.
You knew the following spells:

 Your Spells              Type           Power        Failure   Level  Hunger
a - Beastly Appendage     Trmt           ###...       6%          1    ##.....
b - Sticks to Snakes      Trmt           ###.......   10%         2    ###....
c - Spider Form           Trmt/Pois      #.........   41%         3    ####...


Dungeon Overview and Level Annotations

Branches:
Dungeon (7/16)             Temple (0/1) D:7

Altars:
Fedhas
Kikubaaqudgha
Sif Muna
Vehumet
Xom
Zin

Shops:
D:4 %


Innate Abilities, Weirdness & Mutations

((You can breathe blasts of noxious fumes.))*
((Your lurid green scales are hard (AC +6).))*
Your body does not fit into most forms of armour.
Your cold-blooded metabolism reacts poorly to cold.
((Your system is resistant to poisons.))*


Message History

Drink which item? (? for menu, Esc to quit)
You feel extremely strange.
You feel jittery.
Your body twists and deforms.
You feel a little pissed off.
It was a potion of mutation.
You feel sick. The killer bee stings you.
You are more poisoned.
The killer bee poisons you! The killer bee stings you.
* * * LOW HITPOINT WARNING * * *
You barely miss the killer bee.
* * * LOW HITPOINT WARNING * * *
You feel very sick. The killer bee stings you!
* * * LOW HITPOINT WARNING * * *
Drink which item? (? for menu, Esc to quit)
It has a very clean taste.
You feel a little more calm.
Your body's shape seems more normal.
You feel a little less jittery.
It was a potion of cure mutation.
* * * LOW HITPOINT WARNING * * *
You feel sick. The killer bee stings you.
You die...

.....#.................##.#.#####
.......................##)#......
..........########........#######
..........# #.....####
......##.## #.....########
+###.###.# ##### #.............
.###.###.###...###k.............
#.#.#.#.#.#+...+#k#.#+#.........
.#.#.#.#%#.#...#s#k#k#'.........
#.#.#.#.#.#.....#.#.#k#.........
.#.#.#.#.#.#.#.#.#.#.#.#+#######
#.#...#.#.#%#.#.#.#.#.#.##
###....###.#.#.#.#.#.#.#.########
#....# ##.#.#.#.#.#.#.#........
♣♣..♣.♣♣#.#.#.#.#.#.#.#.########
♣♣♣...♣♣##.#.#.#.#.#.#.##
♣♣♣♣.♣♣♣#.# #.#.#.#.#.#.#


You could see 2 killer bees.

Vanquished Creatures
  2 ogres
  2 centaurs
  3 giant frogs
  A manticore skeleton (D:6)
  3 killer bees (D:7)
  3 jellies
  3 orc priests
  A hound (D:5)
  2 giant frog skeletons
  6 worker ants
  5 orc wizards
  3 halflings (D:1)
  3 iguanas
  A scorpion (D:6)
  An ogre skeleton (D:6)
  A hound skeleton (D:6)
  7 adders
  A giant mite (D:4)
  A giant eyeball (D:5)
  21 orcs
  3 ball pythons
  14 bats
  9 giant cockroaches
  10 goblins
  10 hobgoblins
  8 jackals
  10 giant newts
  A hobgoblin skeleton (D:4)
  22 kobolds
  An orc zombie (D:5)
  5 quokkas
  15 rats
  7 ballistomycetes (D:6)
185 creatures vanquished.

Vanquished Creatures (others)
  A giant spore (D:6)
  4 plants (D:1)
5 creatures vanquished.

Grand Total: 190 creatures vanquished

Notes
Turn   | Place    | Note
--------------------------------------------------------------
     0 | D:1      | Kae, the Draconian Transmuter, began the quest for the Orb.
     0 | D:1      | Reached XP level 1. HP: 16/16 MP: 3/3
   230 | D:1      | Reached XP level 2. HP: 23/23 MP: 4/4
  1062 | D:1      | Reached skill level 4 in Unarmed Combat
  1062 | D:1      | Reached XP level 3. HP: 15/28 MP: 6/6
  1160 | D:1      | Reached XP level 4. HP: 16/35 MP: 5/7
  1794 | D:2      | Reached skill level 5 in Unarmed Combat
  1962 | D:2      | Found a radiant altar of Vehumet.
  1973 | D:2      | Learned a level 2 spell: Sticks to Snakes
  1977 | D:2      | Learned a level 3 spell: Spider Form
  2039 | D:3      | Noticed a giant frog
  2046 | D:3      | Killed a giant frog
  2046 | D:3      | Reached XP level 5. HP: 25/40 MP: 9/9
  2818 | D:3      | Found a shimmering altar of Xom.
  3388 | D:4      | Found a glowing silver altar of Zin.
  3588 | D:4      | Noticed an ogre
  3609 | D:4      | Killed an ogre
  3609 | D:4      | Reached skill level 6 in Unarmed Combat
  3609 | D:4      | Reached XP level 6. HP: 15/47 MP: 7/10
  3854 | D:4      | Found Khitism's Food Emporium.
  4699 | D:5      | Entered Level 5 of the Dungeon
  4707 | D:5      | Reached skill level 7 in Unarmed Combat
  4707 | D:5      | Your scales start taking on a lurid green colour.
  4707 | D:5      | Gained mutation: Your system is resistant to poisons. [draconian maturity]
  4707 | D:5      | Reached XP level 7. HP: 39/52 MP: 12/12
  5678 | D:5      | Reached skill level 8 in Unarmed Combat
  5688 | D:5      | Paralysed by a giant eyeball for 4 turns
  6132 | D:5      | Reached skill level 5 in Transmutations
  6262 | D:5      | Found an ancient bone altar of Kikubaaqudgha.
  6262 | D:5      | Found a deep blue altar of Sif Muna.
  6270 | D:5      | Became a worshipper of Sif Muna the Loreminder
  6627 | D:6      | Reached XP level 8. HP: 41/59 MP: 11/13
  6978 | D:6      | Reached skill level 9 in Unarmed Combat
  8090 | D:6      | Found a blossoming altar of Fedhas.
  8123 | D:7      | Found a staircase to the Ecumenical Temple.
  8451 | D:7      | Gained mutation: You can translocate small distances at will. [potion of mutation]
  8451 | D:7      | Gained mutation: Your body is misshapen. [potion of mutation]
  8451 | D:7      | Gained mutation: You tend to lose your temper in combat. [potion of mutation]
  8453 | D:7      | Lost mutation: You tend to lose your temper in combat. [potion of cure mutation]
  8453 | D:7      | Lost mutation: Your body is misshapen. [potion of cure mutation]
  8453 | D:7      | Lost mutation: You can translocate small distances at will. [potion of cure mutation]
  8453 | D:7      | HP: 2/59 [poisoned by a killer bee]
  8453 | D:7      | Slain by a killer bee

Action                   |  1- 3 |  4- 6 |  7- 9 || total
-------------------------+-------+-------+-------++-------
Melee: Unarmed           |   111 |   289 |   310 ||   710
Throw: Tomahawk          |       |       |     3 ||     3
 Cast: Beastly Appendage |     5 |    18 |    31 ||    54
       Spider Form       |       |     1 |     1 ||     2
  Use: Scroll            |     1 |       |     8 ||     9
       Potion            |       |       |     5 ||     5
